 Dungeon Crawl Stone Soup version 0.28-a0-1616-g050a50673c (webtiles) character file.

Game seed: 10737526200104732824

270 Peloso the Covered (level 6, 0/82 HPs)
             Began as a Minotaur Fighter on Jan 22, 2022.
             Succumbed to Eustachio's poison
             ... on level 4 of the Dungeon.
             The game lasted 00:03:40 (2581 turns).

Peloso the Covered (Minotaur Fighter)               Turns: 2581, Time: 00:03:40

Health: 0/82       AC: 23    Str: 21    XL:     6   Next: 1%
Magic:  5/5        EV:  2    Int:  5    God:
Gold:   96         SH:  4    Dex: 11    Spells: 5/5 levels left

rFire   . . .      SeeInvis .   a - +0 long sword
rCold   . . .      Faith    .   c - +0 buckler
rNeg    . . .      Spirit   .   (armour currently unavailable)
rPois   +          Reflect  .   (helmet currently unavailable)
rElec   .          Harm     .   (cloak currently unavailable)
rCorr   .          Rampage  .   (gloves currently unavailable)
Will    .....      NoTele   +   (boots currently unavailable)
Stlth   +.........              (no amulet)
HPRegen 0.23/turn               (no ring)
MPRegen 0.09/turn               (no ring)

@: mighty, lethally poisoned (0 -> -3), tree-form
A: stationary, stasis, torment immunity, boosted hp, (horns 2), (retaliatory
headbutt)
a: no special abilities


You were on level 4 of the Dungeon.
You were a tree.
You visited 1 branch of the dungeon, and saw 4 of its levels.

You collected 96 gold pieces.

Inventory:

Hand Weapons
 a - a +0 long sword (weapon)
Armour
 b - a +0 scale mail (melded)
 c - a +0 buckler (worn)
Jewellery
 h - an amulet of guardian spirit
Scrolls
 e - a scroll of acquirement
 f - a scroll of fog {unknown}
 g - a scroll of enchant weapon {unknown}
 i - a scroll of torment {unknown}
 j - a scroll of brand weapon {unknown}
 k - 2 scrolls of teleportation {unknown}
 q - a scroll of blinking {unknown}
 r - a scroll of vulnerability {unknown}
Potions
 d - 2 potions of might
 n - a potion of cancellation


   Skills:
 + Level 4.8 Fighting
 + Level 5.0 Long Blades
 + Level 5.2 Armour
 + Level 1.0 Dodging
 + Level 0.2 Stealth
 + Level 4.2 Shields


You had 5 spell levels left.
You didn't know any spells.
Your spell library contained the following spells:

 Spells                   Type           Power      Damage    Failure   Level
 Conjure Flame            Conj/Fire      0%         6-21      90%         3
 Gell's Gravitas          Tloc           0%         N/A       90%         3
 Ignite Poison            Fire/Tmut/Pois 0%         N/A       90%         3
 Lesser Beckoning         Tloc           0%         N/A       90%         3
 Stone Arrow              Conj/Erth      0%         3d7       90%         3
 Teleport Other           Tloc           0%         N/A       90%         3
 Animate Armour           Summ/Erth      0%         N/A       100%        4
 Sticky Flame             Conj/Fire      0%         2d3       100%        4
 Lehudib's Crystal Spear  Conj/Erth      0%         10d2      100%        8


Dungeon Overview and Level Annotations

Branches:
Dungeon (4/15)
 Temple: D:4-7

Altars:


Innate Abilities, Weirdness & Mutations

You are a tree.
Your roots penetrate the ground, keeping you stationary.
You cannot be teleported.
You are immune to unholy pain and torment.
Your maximum health is greatly increased.
Your equipment is partially melded.
((You have a pair of horns on your head.))
((You reflexively headbutt those who attack you in melee.))


Message History

The quasit claws you.
* * * LOW HITPOINT WARNING * * *
You slash the quasit!
You kill the quasit!
The quasit disappears in a puff of smoke!
You feel sick. The bat hits you but does no damage. x3
Unknown command.
You feel sick. The bat hits you but does no damage.
You closely miss Eustachio. Your headbutt misses Eustachio.
Eustachio is heavily wounded.
You feel sick.
You are no longer poisoned.
The bat hits you but does no damage. x2; Eustachio closely misses you.
The bat hits you but does no damage.
You barely miss Eustachio.
Eustachio is heavily wounded.
You block the bat's attack.
Eustachio hits you with a +1 falchion of venom.
* * * LOW HITPOINT WARNING * * *
You are lethally poisoned!
Unknown command.
You slash Eustachio! You headbutt Eustachio.
You kill Eustachio!
The bat disappears in a puff of smoke!
* * * LOW HITPOINT WARNING * * *
You feel very sick.
Your Long Blades skill increases to level 5!
Your Armour skill increases to level 5!
Your Dodging skill increases to level 1!
You have reached level 5!
You have reached level 6!
Unknown command.
It was a potion of lignification.
You turn into a tree.
Your +0 scale mail melds into your body.
Your roots penetrate the ground.
* * * LOW HITPOINT WARNING * * *
You feel sick.
* * * LOW HITPOINT WARNING * * *
You feel sick.
You die...

#.# #.# #.# #.# #.
#.#########.######..
...####..............)....
.............###..########
.#......###### #..#
..#.###.# #..# ..
##.########..# ..
#...)♣.......# .
#.#########<## #.....# #.#
####..# #.# ..## #!# ..#
#.# ..# #.# @.# #.# ..#
#.#


There were no monsters in sight!

Vanquished Creatures
  Eustachio (D:4)
  A centaur skeleton (D:4)
  An iguana (D:4)
  An adder (D:3)
  2 worms (D:3)
  2 dart slugs
  2 orcs
  4 bats
  5 endoplasms
  4 giant cockroaches
  3 goblins (D:1)
  3 hobgoblins
  6 jackals
  2 quokkas
  3 ball pythons
  A frilled lizard (D:1)
  6 kobolds
  11 rats
58 creatures vanquished.

Notes
Turn   | Place    | Note
-------+----------+-------------------------------------------
     0 | D:1      | Peloso the Minotaur Fighter began the quest for the Orb.
     0 | D:1      | Reached XP level 1. HP: 19/19 MP: 0/0
   185 | D:1      | Reached XP level 2. HP: 27/27 MP: 1/1
   570 | D:1      | Reached XP level 3. HP: 33/33 MP: 2/2
  2075 | D:3      | Found a faded altar of an unknown god.
  2224 | D:3      | Reached XP level 4. HP: 41/41 MP: 3/3
  2359 | D:4      | Identified a scroll of acquirement
  2518 | D:4      | Noticed Eustachio
  2578 | D:4      | Killed Eustachio
  2578 | D:4      | HP: 1/41 [poisoned by Eustachio]
  2579 | D:4      | Reached skill level 5 in Long Blades
  2579 | D:4      | Reached skill level 5 in Armour
  2579 | D:4      | Reached skill level 1 in Dodging
  2579 | D:4      | Reached XP level 5. HP: 1/47 MP: 4/4
  2579 | D:4      | Reached XP level 6. HP: 1/55 MP: 5/5
  2581 | D:4      | Succumbed to Eustachio's poison

Illustrated notes

Levels and vault maps discovered:
D:1:      dpeg_arrival_stone_temple_mockup, layout_basic, grunt_decor_fettered
D:2:      layout_loops_cross, hex_large, nicolae_figureground_pulse
D:3:      layout_basic, dreamdust_ecumenical_altar_grove
D:4:      layout_loops_ring, minmay_temple_entry_arrows,
          ebering_ghost_reflecting_pool, nrook_mini_vaults, minmay_hedge_maze,
          uniq_crazy_yiuf_cottage, uniq_blork_the_orc, uniq_eustachio

Skill      XL: |  1  2  3  4 |
---------------+-------------+-----
Fighting       | 4 |  4.8
Long Blades    | 3 5 |  5.0
Shields        | 4 |  4.2
Armour         | 4 5 |  5.2
Dodging        | 1 |  1.0
Stealth        | |  0.2

Action                   |  1- 3 |  4- 6 || total
-------------------------+-------+-------++-------
Melee: Long sword        |    95 |    46 ||   141
       Headbutt          |    12 |     5 ||    17
  Use: Scroll            |       |     5 ||     5
       Potion            |       |     4 ||     4
Armor: Scale mail        |    60 |    36 ||    96
Dodge: Dodged            |    53 |    30 ||    83
Block: Buckler           |    19 |    13 ||    32

Table legend: (Time is in decaauts)
 A = Elapsed time spent in this place.
 B = Non-inter-level travel time spent in this place.
 C = Inter-level travel time spent in this place.
 D = Time resting spent in this place.
 E = Time spent auto-exploring this place.
 F = Levels seen in this place.
 G = Mean time per level.
                   A        B        C        D        E       F      G
               +--------+--------+--------+--------+--------+-----+--------+
         Total |   2619 |   2532 |     87 |      0 |   2051 |   4 |  654.8 |
       Dungeon |   2619 |   2532 |     87 |      0 |   2051 |   4 |  654.8 |
               +--------+--------+--------+--------+--------+-----+--------+

Top non-repeatable levels by time:
     D:1: 885 daAuts
     D:3: 757 daAuts
     D:2: 736 daAuts
     D:4: 239 daAuts
